Map: World of Sleepers LE

Players

IRoH - Winner!

  • Race: Zerg Zerg
  • League: Master
  • Spawn Location: 7:00

Mez

  • Race: Terran Terran
  • League: Master
  • Spawn Location: 1:00

VOD

Have the link to the VOD?

Description

Time

  • Played on: Aug. 22, 2019, 7:37 p.m.
  • Length: 7:31
Show
View Real Time Build Order
Export as new Build Order

IRoH Zerg - Winner!

Build Orders: Hatch First 

Get SALT Encoding   

  12  0:01  Drone  
  13  0:14  Overlord  
  13  0:17  Drone  
  14  0:33  Drone x2  
  16  0:49  Hatchery  
  15  0:53  Drone  
  15  0:57  Drone  
  17  1:02  Drone  
  18  1:05  Extractor  
  17  1:19  Spawning Pool  
  17  1:24  Drone  
  17  1:29  Drone  
  18  1:34  Drone  
  19  1:42  Drone  
  20  1:53  Overlord  
  20  2:05  Queen  
  20  2:06  Queen  
  20  2:07  Zergling x4  
  26  2:13  Metabolic Boost  
  26  2:26  Drone x4  
  28  2:48  Drone x3  
  28  2:49  Queen  
  33  2:53  Overlord  
  33  3:10  Drone  
  34  3:15  Unknown  
  34  3:19  Overlord, Drone x3  
  36  3:23  Lair  
  36  3:29  Unknown  
  35  3:35  Zergling x4  
  35  3:37  Unknown  
  35  3:41  Drone x4  
  40  3:46  Hatchery  
  41  3:51  Drone x3  
  44  3:58  Extractor  
  44  3:59  Queen, Extractor  
  44  4:02  Zergling x4  
  47  4:10  Drone x2  
  48  4:17  Drone x2  
  48  4:18  Roach Warren, Drone  
  50  4:26  Drone x2  
  51  4:33  Spore Crawler  
  51  4:34  Drone x2  
  51  4:35  Spore Crawler  
  51  4:38  Drone  
  52  4:39  Overlord  
  54  4:48  Nydus Network  
  53  4:53  Overseer  
  53  4:58  Queen  
  53  4:59  Drone  
  56  5:01  Glial Reconstitution  
  56  5:02  Overlord  
  56  5:04  Queen  
  58  5:13  Overlord x3  
  58  5:17  Extractor  
  57  5:22  Overlord  
  59  5:35  Roach  
  59  5:36  Roach x8  
  75  5:43  Roach x2  
  79  5:56  Nydus Canal  
  79  6:01  Overlord x2, Roach  
  81  6:07  Overlord, Overseer x2  
  81  6:14  Overlord  
  81  6:22  Nydus Canal  
  80  6:33  Nydus Canal  
  80  6:38  Roach x12  
  80  6:39  Overlord  
  102  6:43  Overlord  
  102  6:45  Drone x2  
  104  7:00  Ravager x4  
  104  7:01  Ravager  
  109  7:03  Drone  
  109  7:08  Nydus Canal  
Show
View Real Time Build Order
Export as new Build Order

Mez Terran 

Build Orders: Reaper Expand 

Get SALT Encoding   

  12  0:00  SCV  
  13  0:13  SCV  
  14  0:17  Supply Depot  
  14  0:25  SCV  
  15  0:39  SCV  
  15  0:40  Barracks  
  16  0:45  Refinery  
  16  0:51  SCV  
  17  1:03  SCV  
  18  1:15  SCV  
  19  1:27  Reaper  
  19  1:28  Orbital Command  
  20  1:40  Command Center  
  20  1:47  Supply Depot  
  20  1:53  SCV  
  21  1:59  Marine  
  22  2:06  SCV  
  23  2:09  Factory  
  23  2:15  Refinery  
  23  2:22  Engineering Bay  
  23  2:23  Barracks Reactor  
  23  2:41  SCV  
  24  2:55  SCV, Orbital Command  
  24  2:57  Starport  
  25  3:07  SCV  
  25  3:09  Hellion x2  
  25  3:11  Barracks Tech Lab  
  30  3:19  Supply Depot  
  30  3:20  SCV x2  
  32  3:32  SCV x2  
  34  3:36  Hellion x2  
  38  3:44  SCV x2  
  39  3:49  Viking  
  41  3:56  Supply Depot  
  41  4:03  Stimpack  
  41  4:10  Marine  
  41  4:11  SCV x2  
  41  4:12  Factory Reactor  
  41  4:15  Barracks  
  44  4:20  Barracks  
  44  4:23  SCV x2  
  46  4:35  Starport Reactor  
  46  4:36  Marine  
  46  4:37  SCV  
  48  4:41  Command Center  
  48  4:43  SCV  
  49  4:49  SCV  
  50  4:54  Marine  
  50  4:57  SCV  
  52  5:01  SCV  
  52  5:05  Supply Depot  
  52  5:06  Supply Depot  
  53  5:09  Marine x2, SCV  
  53  5:11  Factory Tech Lab  
  53  5:12  Marine  
  53  5:14  SCV  
  58  5:16  Marine x2, Medivac  
  62  5:26  Engineering Bay  
  62  5:27  Marine, Medivac, Refinery, Engineering Bay  
  65  5:29  Marine x2  
  65  5:30  Refinery  
  65  5:32  Siege Tank  
  65  5:33  Marine  
  71  5:39  Marine  
  71  5:40  SCV x2  
  74  5:45  Marine  
  75  5:50  Marine x2, Supply Depot  
  75  5:51  Marine, Supply Depot  
  75  5:52  SCV, Combat Shield  
  71  6:25  Marine x2, Siege Tank  
  71  6:26  Marine x3, Medivac  
  71  6:27  Medivac  
  72  6:43  Marine x5  
  76  7:01  Supply Depot x2  
  73  7:02  Supply Depot  
  73  7:03  Marine x5, Supply Depot  
Tags
 
Add a new tag
Caveats
  • Supply blocks, unpowered buildings, or Contaminate may cause inaccurate times.
  • Supply counts are checked every 10 seconds.